Map: Frostline LE

Players

ShoWTimE - Winner!

  • Race: Protoss Protoss
  • League: Master
  • Spawn Location: 7:00

Geralt (Gerald)

  • Race: Protoss Protoss
  • League: Grandmaster
  • Spawn Location: 1:00

Event: HomeStory Cup XXVI

VOD

Have the link to the VOD?

Description

Time

  • Played on: Nov. 29, 2024, 11:44 a.m.
  • Length: 10:31

All games in this series

Show
View Real Time Build Order
Export as new Build Order

ShoWTimE Protoss - Winner!

Build Orders: Phoenix Opening, Zealot Archon 

Get SALT Encoding   

  12  0:00  Probe  
  13  0:12  Probe  
  14  0:16  Pylon  
  14  0:23  Probe  
  15  0:31  Probe  
  15  0:36  Gateway  
  15  0:39  Probe  
  16  0:45  Assimilator  
  17  0:50  Probe  
  17  0:54  Assimilator  
  18  0:59  Probe  
  19  1:06  Gateway  
  19  1:07  Probe  
  19  1:17  Probe  
  20  1:23  Cybernetics Core  
  21  1:29  Probe  
  22  1:33  Pylon  
  22  1:41  Probe  
  23  1:53  Probe  
  24  1:56  Stalker  
  24  1:59  Warp Gate  
  28  2:05  Sentry  
  28  2:06  Probe  
  28  2:08  Pylon  
  29  2:18  Probe  
  30  2:29  Stalker, Sentry  
  32  2:30  Probe  
  35  2:49  Nexus  
  35  2:54  Probe  
  36  2:59  Shield Battery  
  36  3:06  Probe  
  36  3:10  Robotics Facility  
  37  3:18  Probe  
  38  3:21  Pylon  
  38  3:25  Phoenix  
  38  3:29  Probe  
  39  3:37  Probe  
  39  3:45  Probe  
  39  3:47  Stalker x2  
  45  3:56  Probe  
  45  3:58  Observer  
  45  3:59  Probe  
  48  4:04  Forge  
  48  4:07  Probe  
  48  4:08  Probe  
  49  4:15  Stalker  
  52  4:17  Probe  
  52  4:20  Probe  
  52  4:23  Stalker  
  56  4:27  Pylon  
  56  4:29  Probe  
  56  4:30  Assimilator  
  56  4:32  Probe  
  57  4:39  Stalker, Protoss Ground Weapons Level 1  
  57  4:41  Probe  
  57  4:42  Phoenix  
  57  4:43  Probe  
  56  4:51  Probe  
  56  4:53  Assimilator, Probe  
  56  4:55  Observer  
  56  4:59  Probe  
  59  5:03  Immortal  
  59  5:05  Probe  
  61  5:11  Probe  
  66  5:17  Probe  
  66  5:19  Twilight Council  
  46  5:21  Phoenix  
  67  5:23  Probe  
  68  5:28  Pylon  
  68  5:29  Probe  
  68  5:33  Gateway  
  69  5:37  Immortal  
  69  5:46  Gateway  
  69  5:48  Sentry  
  75  5:52  Gateway  
  75  6:05  Warp Prism  
  73  6:13  Charge  
  73  6:14  Gateway x2  
  73  6:15  Templar Archives  
  73  6:29  Gateway  
  73  6:32  Zealot x2, Pylon  
  77  6:43  Protoss Ground Weapons Level 2  
  75  6:49  Zealot  
  75  6:51  Pylon  
  75  6:53  Pylon  
  77  6:57  Pylon  
  77  7:02  Immortal  
  77  7:07  Pylon  
  81  7:10  High Templar x2  
  81  7:15  Archon, High Templar  
  85  7:16  High Templar  
  85  7:20  Archon  
  85  7:22  Shield Battery  
  89  7:25  Zealot x4  
  97  7:53  Zealot x7  
  97  7:54  Zealot  
  109  7:58  Nexus  
  109  8:04  Pylon  
  107  8:19  High Templar x4  
  115  8:20  Zealot  
  115  8:21  Warp Prism  
  115  8:22  Zealot x3  
  115  8:23  Archon x2  
  123  8:27  Pylon  
  125  8:47  Adept  
  125  8:48  Zealot x3  
  132  8:52  Pylon  
  132  8:54  Zealot  
  134  9:01  Zealot  
  124  9:12  Zealot x3  
  116  9:18  Zealot x2  
  116  9:23  Zealot  
  96  9:34  Zealot x3  
  96  9:42  Zealot x2  
  90  10:00  Zealot x5  
  90  10:06  Zealot  
  92  10:10  Zealot  
  88  10:16  Zealot  
  84  10:21  High Templar x2  
Show
View Real Time Build Order
Export as new Build Order

Geralt Protoss 

Build Orders: Oracle Opening, Blink Stalkers 

Get SALT Encoding   

  12  0:00  Probe  
  13  0:12  Probe  
  14  0:17  Pylon  
  14  0:23  Probe  
  15  0:31  Probe  
  16  0:37  Gateway  
  16  0:39  Probe  
  16  0:47  Assimilator  
  17  0:51  Probe  
  17  0:54  Assimilator  
  18  0:59  Probe  
  19  1:07  Gateway  
  19  1:08  Probe  
  20  1:18  Probe  
  20  1:24  Cybernetics Core  
  21  1:30  Probe  
  22  1:35  Pylon  
  22  1:43  Probe  
  23  1:55  Probe  
  23  1:57  Stalker  
  23  1:58  Stalker  
  28  2:03  Warp Gate  
  28  2:09  Shield Battery  
  28  2:10  Probe  
  29  2:22  Probe  
  29  2:25  Pylon  
  30  2:32  Stargate  
  31  2:47  Nexus  
  30  2:52  Pylon  
  30  2:55  Probe  
  31  3:05  Oracle  
  31  3:10  Probe  
  34  3:22  Probe  
  34  3:23  Twilight Council  
  35  3:34  Probe  
  35  3:37  Shield Battery  
  36  3:42  Blink  
  36  3:46  Probe  
  37  3:53  Pylon  
  37  3:59  Probe x2  
  37  4:00  Adept x2  
  43  4:11  Probe x2  
  45  4:21  Gateway  
  45  4:23  Probe x2  
  47  4:26  Stalker  
  49  4:35  Probe  
  49  4:36  Probe  
  49  4:47  Probe  
  49  4:48  Probe  
  49  4:49  Stalker x2  
  53  5:09  Nexus, Pylon  
  53  5:10  Probe  
  53  5:13  Probe  
  55  5:17  Gateway, Pylon  
  55  5:18  Stalker x2  
  59  5:27  Robotics Facility  
  60  5:28  Probe  
  60  5:31  Assimilator  
  60  5:38  Stalker  
  60  5:39  Probe  
  63  5:43  Probe  
  63  5:44  Stalker x2  
  68  5:52  Probe  
  68  5:55  Probe  
  68  5:56  Gateway  
  70  6:04  Probe  
  71  6:10  Probe  
  71  6:11  Stalker x3, Immortal  
  78  6:20  Probe  
  78  6:22  Probe  
  84  6:26  Probe  
  84  6:29  Gateway  
  84  6:30  Pylon  
  84  6:32  Charge, Probe  
  86  6:42  Probe  
  83  6:48  Gateway x2  
  83  6:50  Probe  
  83  6:51  Pylon  
  83  6:52  Shield Battery  
  83  6:54  Pylon  
  85  6:58  Stalker x2  
  88  7:01  Pylon  
  88  7:06  Stalker x2  
  88  7:08  Assimilator  
  92  7:22  Gateway  
  92  7:23  Gateway  
  92  7:24  Stalker x2  
  92  7:25  Probe  
  92  7:26  Probe x2  
  92  7:27  Observer  
  100  7:37  Probe  
  100  7:38  Probe  
  100  7:39  Assimilator  
  100  7:43  Pylon  
  100  7:44  Pylon  
  102  7:46  Probe  
  102  7:47  Stalker, Templar Archives  
  102  7:48  Stalker, Phoenix, Zealot  
  109  7:52  Zealot x2  
  115  8:00  Probe  
  115  8:02  Pylon  
  116  8:06  Pylon  
  116  8:07  Pylon  
  114  8:15  Stalker x3  
  120  8:25  Shield Battery  
  120  8:26  Pylon  
  120  8:27  Zealot  
  120  8:28  Zealot x2  
  120  8:31  Zealot  
  120  8:32  Zealot  
  130  8:35  Probe  
  129  8:44  Zealot x2  
  129  8:45  Zealot x2  
  137  8:50  Probe  
  137  8:53  Robotics Bay  
  138  8:56  Zealot x3  
  136  9:11  Zealot x6  
  122  9:22  Zealot x4  
  86  9:33  Stalker x4  
  86  9:38  Zealot  
  93  9:43  Disruptor  
  93  9:49  Zealot x2  
  93  9:50  Zealot  
  93  9:52  Sentry x2  
  95  9:54  Probe  
  95  9:57  Sentry x2  
  92  10:03  Sentry x3  
  92  10:05  Probe  
  81  10:13  Zealot x3  
Tags
 
Add a new tag
Caveats
  • Supply blocks, unpowered buildings, or Contaminate may cause inaccurate times.
  • Supply counts are checked every 10 seconds.